 Dungeon Sprint DCSS version 0.32-a0-720-g1d96ad090f (webtiles) character file.

Game seed: 12041591097045235017

177 Conn the Sneak (level 5, -2/31 HPs)
             Began as an Octopode Fire Elementalist on Mar 16, 2024.
             Slain by a scorpion (6 damage)
             ... in the Dungeon (Sprint II: "The Violet Keep of Menkaure").
             The game lasted 00:02:27 (71 turns).

Conn the Sneak (Octopode Fire Elementalist)           Turns: 71, Time: 00:02:29

Health: -2/31      AC:  1    Str:  8    XL:     5   Next: 57%
Magic:  9/13       EV: 13    Int: 19    God:
Gold:   0          SH:  0    Dex: 12    Spells: 5/15 levels left

rFire   . . .        (no weapon)
rCold   . . .        (no shield)
rNeg    . . .        (helmet restricted)
rPois   .            (no amulet)
rElec   .            (no ring)
rCorr   .            (no ring)
SInv    .            (no ring)
Will    .....        (no ring)
Stlth   ++++         (no ring)
HPRegen 0.25/turn    (no ring)
MPRegen 0.13/turn    (no ring)
                     (no ring)

%: no teleportation
@: lethally poisoned (-2 -> -5), very slightly contaminated
A: almost no armour, amphibious, 8 rings, camouflage 1, gelatinous body 1,
(nimble swimmer 1), tentacles
a: no special abilities


You were in the Dungeon.
You visited 1 branch

Inventory:

Scrolls
 f - a scroll of blinking
Potions
 a - 2 potions of magic
 c - a potion of heal wounds


   Skills:
 + Level 4.5 Dodging
 - Level 6.0 Stealth
 * Level 5.6 Spellcasting
 * Level 5.7 Conjurations
 + Level 5.3 Fire Magic


You had 5 spell levels left.
You knew the following spells:

 Your Spells              Type           Power      Damage    Failure   Level
a - Foxfire               Conj/Fire      100%       2x1d9     1%          1
b - Scorch                Fire           50%        2d7       1%          2
c - Inner Flame           Hex/Fire       15%        N/A       12%         3
d - Flame Wave            Conj/Fire      26%        2d8       12%         4

Your spell library contained the following spells:

 Spells                   Type           Power      Damage    Failure   Level
 Volatile Blastmotes      Fire/Tloc      30%        2d12      12%         3


Dungeon Overview and Level Annotations

Branches:
Dungeon (1/1)

Altars:


Innate Abilities, Weirdness & Mutations

You cannot wear most types of armour.
You are amphibious.
You can wear up to eight rings at the same time.
Your skin changes colour to match your surroundings (Stealth+).
Your rubbery body absorbs attacks. (AC +1, EV +1)
((You are camouflaged when in or above water. (Stealth+)))
You have tentacles for arms and can constrict up to eight enemies at once.


Message History

The scorpion stings you.
* * * LOW HITPOINT WARNING * * *
You are more poisoned.
The scorpion poisons you! The scorpion closely misses you.
Training target 6.0 for Stealth reached!
Your Stealth skill increases to level 6!
Your Spellcasting skill increases to level 5!
Your Conjurations skill increases to level 5!
Your Fire Magic skill increases to level 5!
Unknown command.
You feel better. The scorpion closely misses you.
Casting: Foxfire (safe; 1% risk of failure)
Confirm with . or Enter, or press ? or * to list all spells.
You conjure some foxfire!
The scorpion stings you!
* * * LOW HITPOINT WARNING * * *
You are poisoned.
The scorpion poisons you!
Unknown command.
Magic courses through your body.
* * * LOW HITPOINT WARNING * * *
You feel sick.
The foxfire hits the scorpion.
The scorpion is moderately wounded.
The foxfire hits the scorpion but does no damage.
The scorpion is moderately wounded.
The scorpion closely misses you.
Casting: Foxfire (safe; 1% risk of failure)
Confirm with . or Enter, or press ? or * to list all spells.
Flames lash the scorpion.
The scorpion is severely wounded.
The scorpion's fire resistance burns away.
* * * LOW HITPOINT WARNING * * *
You feel sick. The scorpion closely misses you.
Casting: Scorch (safe; 1% risk of failure)
Confirm with . or Enter, or press ? or * to list all spells.
You miscast Scorch.
You are very lightly contaminated with residual magic.
Nothing appears to happen.
* * * LOW HITPOINT WARNING * * *
You feel sick. The scorpion stings you.
You die...

## ## ##.
.## .B B. #
.#$ # #3
#+# .#
#3.##.##..#
#$+.@s'#
#3##.##..#
#3 #+# .# #
.$. #


zz#zz ##. .## ## ## You could see a scorpion (combustible).

Vanquished Creatures
  3 scorpions (D)
3 creatures vanquished.

Vanquished Creatures (others)
  10 foxfires (D)
10 creatures vanquished.

Grand Total: 13 creatures vanquished

Notes
Turn   | Place    | Note
-------+----------+-------------------------------------------
     0 | D        | Conn the Octopode Fire Elementalist began the quest for the
                  | Orb.
     0 | D        | Reached XP level 1. HP: 11/11 MP: 3/3
     2 | D        | Noticed a boulder beetle
     2 | D        | Noticed a boulder beetle
     5 | D        | Noticed a scorpion
     5 | D        | Noticed a scorpion
     5 | D        | Noticed a scorpion
     5 | D        | Noticed a scorpion
    16 | D        | Killed a scorpion
    17 | D        | Reached skill level 4 in Stealth
    17 | D        | Reached XP level 2. HP: 17/17 MP: 1/7
    17 | D        | Reached XP level 3. HP: 21/21 MP: 1/8
    17 | D        | Reached XP level 4. HP: 27/27 MP: 1/10
    20 | D        | Killed a scorpion
    21 | D        | Reached skill level 5 in Stealth
    21 | D        | Reached XP level 5. HP: 31/31 MP: 1/12
    27 | D        | Learned a level 2 spell: Scorch
    31 | D        | Learned a level 3 spell: Inner Flame
    36 | D        | Learned a level 4 spell: Flame Wave
    52 | D        | Noticed a weeping skull
    52 | D        | Noticed a weeping skull
    52 | D        | Noticed a weeping skull
    52 | D        | Noticed a weeping skull
    55 | D        | Noticed a neqoxec
    55 | D        | Noticed a neqoxec
    55 | D        | Noticed a neqoxec
    55 | D        | Noticed a neqoxec
    67 | D        | Reached skill level 6 in Stealth
    67 | D        | Reached skill level 5 in Spellcasting
    67 | D        | Reached skill level 5 in Conjurations
    67 | D        | Reached skill level 5 in Fire Magic
    71 | D        | Slain by a scorpion

Illustrated notes

Levels and vault maps discovered:
D:        the_violet_keep_of_menkaure [sprint2_stairs_cluster_1,
          sprint2_shoproom, sprint2_temple, sprint2_basic_supplies,
          sprint2_obstacle_7, sprint2_obstacle_2, sprint2_obstacle_3,
          sprint2_obstacle_5, sprint2_obstacle_4, sprint2_timed_cluster_1,
          sprint2_smallroom_cluster_1, sprint2_smallroom_final_cluster_1,
          sprint2_transparent_cluster_1, sprint2_second_timed_cluster_1,
          sprint2_sniper_area_1, sprint2_heavy_combat_area_1,
          sprint2_mutation_trap_area_1, sprint2_forest_area_1,
          sprint2_light_combat_area_1, sprint2_behind_water_1,
          sprint2_near_end_vault_1]

Skill      XL: |  1  2  3  4  5 |
---------------+----------------+-----
Dodging        | 3 4 |  4.5
Stealth        | 4 5 6 |  6.0
Spellcasting   | 4 5 |  5.6
Conjurations   | 3 4 5 |  5.7
Fire Magic     | 4 5 |  5.3

Action                     |  1- 3 |  4- 6 || total
---------------------------+-------+-------++-------
  Melee: Unarmed           |     6 |     6 ||    12
         Constrict         |     2 |     2 ||     4
   Cast: Foxfire           |     2 |     3 ||     5
         Scorch            |       |     2 ||     2
         Inner Flame       |       |     1 ||     1
    Use: Potion            |     2 |     2 ||     4
 Armour: Skin              |     1 |     7 ||     8
  Dodge: Dodged            |     3 |     9 ||    12

Table legend: (Time is in decaauts)
 A = Elapsed time spent in this place.
 B = Non-inter-level travel time spent in this place.
 C = Inter-level travel time spent in this place.
 D = Time resting spent in this place.
 E = Time spent auto-exploring this place.
 F = Levels seen in this place.
 G = Mean time per level.
                   A        B        C        D        E       F      G
               +--------+--------+--------+--------+--------+-----+--------+
         Total |     67 |     67 |      0 |      0 |      0 |   1 |   67.0 |
       Dungeon |     67 |     67 |      0 |      0 |      0 |   1 |   67.0 |
               +--------+--------+--------+--------+--------+-----+--------+

Top non-repeatable levels by time:
       D: 67 daAuts
